 Dungeon Crawl Stone Soup version 0.18.1-48-g4cf74bf (webtiles) character file.

4905 Alarkh the Archer (level 10, -5/67 HPs)
             Began as a Mummy Hunter on Aug 6, 2016.
             Was a Priest of Okawaru.
             Slain by a killer bee (8 damage)
             ... on level 8 of the Dungeon.
             The game lasted 00:20:13 (13111 turns).

Alarkh the Archer (Mummy Hunter)                   Turns: 13111, Time: 00:20:14

Health: -5/67      AC:  9    Str: 15    XL:     10   Next: 27%
Magic:  10/10      EV: 12    Int: 13    God:    Okawaru [***...]
Gold:   501        SH:  3    Dex: 14    Spells: 0 memorised, 9 levels left

rFire  x . .     SeeInvis .     b - +1 dagger (venom)
rCold  + . .     Gourm    .     y - +1 leather armour {rPois}
rNeg   + + +     Faith    .     (no shield)
rPois  ∞         Spirit   .     o - +0 helmet
rElec  .         Dismiss  .     n - +0 cloak (curse)
rCorr  .         Reflect  +     x - +0 pair of gloves (curse)
SustAt .         Harm     .     m - +1 pair of boots
MR     ++...                    v - +3 amulet of reflection
Stlth  +.........               l - ring of protection from magic
                                (no ring)

@: about to teleport, very resistant to hostile enchantments, very unstealthy
A: no food or potions, fire vulnerability, cold resistance 1, negative energy
resistance 3, torment resistance, unbreathing
a: Heroism, Renounce Religion


You were on level 8 of the Dungeon.
You worshipped Okawaru.
Okawaru was most pleased with you.
You were not hungry.

You visited 2 branches of the dungeon, and saw 10 of its levels.

You collected 501 gold pieces.

Inventory:

Hand Weapons
 a - a +1 shortbow
 b - a +1 dagger of venom (weapon)
 j - a +1 mace of pain
 w - a +2 quarterstaff of chaos
Missiles
 d - 162 arrows
Armour
 m - a +1 pair of boots (worn)
 n - a cursed +0 cloak (worn)
 o - a +0 helmet (worn)
 x - a cursed +0 pair of gloves (worn)
 y - a +1 leather armour of poison resistance (worn)
Jewellery
 l - a ring of protection from magic (right hand)
 r - an uncursed ring of ice
 v - a +3 amulet of reflection (around neck)
Wands
 k - a wand of acid (2/15)
Scrolls
 c - a scroll of identify
 e - a scroll of noise
 f - a scroll of teleportation
 g - 6 scrolls of remove curse
 h - 2 scrolls of enchant weapon
 i - 3 scrolls of amnesia
 p - 3 scrolls of recharging
 t - a scroll of random uselessness
 u - 3 scrolls of magic mapping
Books
 q - a book of Debilitation

   Spells                             Type                      Level
   a - Corona                         Hexes                        1
   b - Slow                           Hexes                        2
   c - Gell's Gravitas                Hexes/Translocation          3
   d - Inner Flame                    Hexes/Fire                   3
   e - Cause Fear                     Hexes                        4
   f - Leda's Liquefaction            Hexes/Earth                  4
 s - a book of the Dragon

   Spells                             Type                      Level
   a - Flame Tongue                   Conjuration/Fire             1
   b - Cause Fear                     Hexes                        4
   c - Bolt of Fire                   Conjuration/Fire             6
   d - Dragon Form                    Transmutation                7
   e - Dragon's Call                  Summoning                    9


   Skills:
 - Level 2.0 Fighting
 + Level 4.2 Staves
 + Level 12.1 Bows
 - Level 1.5 Dodging
 - Level 0.7 Stealth


You had 9 spell levels left.
You didn't know any spells.

Dungeon Overview and Level Annotations

Branches:
Dungeon (9/15)             Temple (1/1) D:5
   Lair: D:8-11         Orc: D:9-12

Altars:
Ashenzari
Cheibriados
Dithmenos
Elyvilon
Fedhas
Gozag
Makhleb
Nemelex Xobeh
Okawaru
Pakellas
Qazlal
Ru
Sif Muna
Trog
Vehumet
Xom
Yredelemnul
Zin
The Shining One

Annotations:
D:8 1 exclusion


Innate Abilities, Weirdness & Mutations

You do not eat or drink.
Your flesh is vulnerable to fire.
You are immune to poison.
Your flesh is cold resistant.
You are immune to negative energy.
You are immune to unholy pain and torment.
You can survive without breathing.


Message History

A killer bee comes into view.
The killer bee buzzes angrily.
The killer bee stings you.
* * * LOW HITPOINT WARNING * * *
A killer bee comes into view.
Read which item? (? for menu, Esc to quit)
As you read the scroll of teleportation, it crumbles to dust.
You feel strangely unstable.
The killer bee buzzes angrily.
The killer bee stings you but does no damage.
The killer bee stings you!
* * * LOW HITPOINT WARNING * * *
The killer bee completely misses you.
Read which item? (? for menu, Esc to quit)
Okay, then.
Evoke which item? (* to show all) (? for menu, Esc to quit)
Okay, then.
The killer bee buzzes angrily.
The killer bee barely misses you. The killer bee stings you!
You die...

#.#.#....)).....# ##...
#.#.#.#########.#####....
#########.#.#.#######.#(#........
.......................)(........
#########.#.#......(...(#..#.....
........#[#....y...)(...#..#..##.
#######........y.......##..#.....
................yy.....'.....>...
#######.......†.@y.....###.......
#.).......####...######.##.
#.[.≈≈...........'[...#.###
#...≈≈......y≈≈..####.#####
#.)≈≈≈........≈.......####.
#..................#.##..'.
#...............##'#..#.!#.
#.#####'##.......%....##### #.#
#.####.###......#.#.#


You could see 5 killer bees.

Vanquished Creatures
  A centaur zombie (D:9)
  2 yaks
  A hungry ghost (D:7)
  2 orc warriors (D:6)
  3 sky beasts
  2 black bears (D:7)
  The ghost of Thomus the Skirmisher, an amateur HOFi (D:3)
  A phantom (D:4)
  2 ogres (D:7)
  5 centaurs
  Blork the orc (D:4)
  2 big kobolds (D:8)
  A gnoll sergeant (D:7)
  2 giant frogs (D:6)
  A water moccasin zombie (D:8)
  3 scorpions
  10 killer bees
  A howler monkey (D:5)
  3 crimson imps
  A giant frog zombie (D:6)
  4 orc priests
  4 hounds
  2 jellies
  A gnoll shaman (D:8)
  Crazy Yiuf (D:3)
  A giant frog skeleton (D:6)
  3 iguanas
  16 orc wizards
  7 worker ants
  2 hound zombies
  A hound skeleton (D:4)
  A worker ant zombie (D:5)
  13 gnolls
  9 adders
  2 howler monkey skeletons
  2 river rats (D:3)
  3 oozes
  3 worms (D:3)
  3 dart slugs
  5 giant geckos
  40 orcs
  7 giant cockroaches
  6 goblins
  5 hobgoblins
  13 jackals
  3 quokkas
  2 ball pythons
  8 bats
  4 giant newts
  A jackal skeleton (D:7)
  11 kobolds
  2 quokka zombies (D:7)
  8 rats
238 creatures vanquished.

Notes
Turn   | Place    | Note
--------------------------------------------------------------
     0 | D:1      | Alarkh the Mummy Hunter began the quest for the Orb.
     0 | D:1      | Reached XP level 1. HP: 16/16 MP: 1/1
   314 | D:1      | Reached XP level 2. HP: 12/22 MP: 2/2
   634 | D:1      | Reached skill level 4 in Bows
   805 | D:1      | Reached XP level 3. HP: 22/27 MP: 3/3
  1134 | D:1      | Reached XP level 4. HP: 24/33 MP: 4/4
  1626 | D:3      | Reached skill level 5 in Bows
  1783 | D:3      | Noticed Thomus's ghost (amateur HOFi)
  2068 | D:3      | Found a glowing drain.
  2136 | D:3      | Reached XP level 5. HP: 7/38 MP: 5/5
  2516 | D:3      | Found an oddly glowing altar of Pakellas.
  2516 | D:3      | Found a shadowy altar of Dithmenos.
  2934 | D:4      | Noticed Blork the orc
  2950 | D:4      | Killed Blork the orc
  3004 | D:4      | Reached skill level 6 in Bows
  3289 | D:4      | Reached XP level 6. HP: 31/44 MP: 6/6
  3627 | D:4      | Reached skill level 7 in Bows
  3636 | D:4      | Reached XP level 7. HP: 45/50 MP: 7/7
  3680 | D:4      | Found an iron altar of Okawaru.
  3680 | D:4      | Found a snail-covered altar of Cheibriados.
  3763 | D:4      | Became a worshipper of Warmaster Okawaru
  3926 | D:3      | HP: 1/50 [Thomus's ghost (9)]
  4699 | D:4      | Noticed Crazy Yiuf
  4982 | D:5      | Entered Level 5 of the Dungeon
  5470 | D:5      | Reached skill level 8 in Bows
  5979 | D:5      | Reached XP level 8. HP: 29/56 MP: 8/8
  6184 | D:5      | Found a staircase to the Ecumenical Temple.
  6352 | Temple   | Entered the Ecumenical Temple
  6541 | D:3      | Killed Crazy Yiuf
  6986 | D:3      | Killed Thomus's ghost
  6986 | D:3      | Reached skill level 9 in Bows
  7127 | D:6      | Found a shattered altar of Ashenzari.
  7216 | D:6      | Found an opulent altar of Gozag.
  7288 | D:6      | Reached * piety under Okawaru
  7619 | D:6      | Reached skill level 10 in Bows
  8033 | D:7      | Reached XP level 9. HP: 61/61 MP: 9/9
  8070 | D:6      | Reached ** piety under Okawaru
  8997 | D:8      | Reached skill level 11 in Bows
  9641 | D:8      | Found a stormy altar of Qazlal.
  9882 | D:8      | Reached skill level 1 in Staves
 10057 | D:8      | Found a glowing silver altar of Zin.
 11166 | D:7      | Reached *** piety under Okawaru
 11744 | D:7      | Reached XP level 10. HP: 38/67 MP: 10/10
 13041 | D:9      | Reached skill level 12 in Bows
 13110 | D:8      | HP: 2/67 [killer bee (8)]
 13111 | D:8      | Slain by a killer bee

Skill      XL: |  1  2  3  4  5  6  7  8  9 10 |
---------------+-------------------------------+-----
Bows           | 4 5 6 7 8 10 11 12 | 12.1
Staves         | 3 4 |  4.2
Fighting       | |  2.0
Dodging        | |  1.5
Stealth        | |  0.7

Action                   |  1- 3 |  4- 6 |  7- 9 | 10-12 || total
-------------------------+-------+-------+-------+-------++-------
Melee: Mace              |    64 |       |       |       ||    64
       Short sword       |     6 |       |       |       ||     6
       Dagger            |       |    77 |   212 |    43 ||   332
       Quarterstaff      |       |       |    44 |       ||    44
 Fire: Shortbow          |    16 |   120 |   555 |   103 ||   794
  Use: Scroll            |       |     4 |     7 |     5 ||    16
 Stab: Sleeping          |     1 |       |       |     1 ||     2
       Paralysed         |       |       |     1 |       ||     1
Armor: Leather armour    |    24 |    26 |   199 |    35 ||   284
Dodge: Dodged            |    65 |    48 |   287 |    54 ||   454
Block: Other             |       |       |       |     9 ||     9
